 Dungeon Crawl Stone Soup version 0.30-a0-310-g7d6cbdfea6 (webtiles) character file.

Game seed: 13396297682997757059

8092 billz999 the Covert (level 11, -8/72 HPs)
             Began as an Octopode Earth Elementalist on Oct 24, 2022.
             Was a Follower of Ru.
             Mangled by a vampire mosquito (11 damage)
             ... on level 10 of the Dungeon on Oct 25, 2022.
             The game lasted 00:33:56 (12781 turns).

billz999 the Covert (Octopode Earth Elementalist)  Turns: 12781, Time: 00:33:56

Health: -8/72      AC:  1    Str:  8    XL:     11   Next: 25%
Magic:  10/14      EV: 13    Int: 21    God:    Ru [*.....]
Gold:   725        SH:  5    Dex: 19    Spells: 7/14 levels left

rFire   . . .      SeeInvis +    a - +0 hand crossbow (drain)
rCold   + . .      Faith    .    (no shield)
rNeg    . . .      Spirit   .    (helmet restricted)
rPois   +          Reflect  +    J - amulet of reflection
rElec   .          Harm     .    e - ring of see invisible
rCorr   .          Rampage  .    i - ring of poison resistance
Will    +....                    j - ring of willpower
Stlth   ++++++....               r - +6 ring of dexterity
HPRegen 0.32/turn                x - ring of protection from cold
MPRegen 0.14/turn                I - ring of wizardry
                                 (no ring)
                                 (no ring)

@: horrified
A: almost no armour, amphibious, 8 rings, camouflage 1, gelatinous body 1,
cowardly, (nimble swimmer 1), tentacles
a: Renounce Religion, Sacrifice Nimbleness, Sacrifice Health, Sacrifice
Experience, Reject Sacrifices


You were on level 10 of the Dungeon.
You worshipped Ru.
Ru was aware of your devotion.
You visited 1 branch of the dungeon, and saw 11 of its levels.
You also visited: Bailey.

You collected 725 gold pieces.

Inventory:

Hand Weapons
 a - a +0 hand crossbow of draining (weapon)
 b - a +3 dagger of draining
 c - a +0 shortbow
 p - a +3 quarterstaff of chaos
 B - a +0 dagger
 H - a +3 dagger
Armour
 O - a +0 tower shield
Magical Staves
 y - a staff of death
 E - a staff of earth
Jewellery
 e - a ring of see invisible (left tentacle)
 i - a ring of poison resistance (right tentacle)
 j - a ring of willpower (on tentacle)
 n - an amulet of the acrobat
 r - a +6 ring of dexterity (on tentacle)
 x - a ring of protection from cold (on tentacle)
 C - an amulet of regeneration
 I - a ring of wizardry (on tentacle)
 J - an amulet of reflection (around mantle)
Wands
 t - a wand of mindburst (17)
 F - a wand of paralysis (7)
 K - a wand of digging (10)
Scrolls
 g - a scroll of amnesia
 h - 3 scrolls of teleportation
 k - a scroll of poison
 l - a scroll of enchant armour
 m - 6 scrolls of fear
 q - a scroll of noise
 u - 4 scrolls of fog
 v - 3 scrolls of vulnerability
 G - a scroll of silence
 P - a scroll of identify
Potions
 d - 2 potions of lignification
 o - 7 potions of flight
 s - 4 potions of magic
 w - 3 potions of berserk rage {unknown}
 z - 3 potions of curing {unknown}
 A - a potion of might {unknown}
 D - 2 potions of haste {unknown}
 L - a potion of mutation {unknown}
 M - a potion of brilliance {unknown}


   Skills:
 + Level 6.2 Fighting
 * Level 9.0 Ranged Weapons
 - Level 2.0 Dodging
 + Level 11.4 Stealth
 - Level 2.0 Spellcasting
 - Level 10.6 Transmutations
 - Level 3.0 Earth Magic


You had 7 spell levels left.
You knew the following spells:

 Your Spells              Type           Power      Damage    Failure   Level
a - Sandblast             Erth           26%        2d8       1%          1
b - Petrify               Tmut/Erth      27%        N/A       3%          4
c - Blink                 Tloc           2%         N/A       9%          2

Your spell library contained the following spells:

 Spells                   Type           Power      Damage    Failure   Level
 Passwall                 Tmut/Erth      22%        N/A       1%          2
 Apportation              Tloc           2%         N/A       6%          1
 Necrotise                Necr           4%         1d4       6%          1
 Summon Small Mammal      Summ           4%         N/A       6%          1
 Stone Arrow              Conj/Erth      14%        3d7       10%         3
 Call Canine Familiar     Summ           1%         N/A       17%         3
 Summon Guardian Golem    Hex/Summ       1%         N/A       17%         3
 Manifold Assault         Tloc           1%         N/A       47%         4
 Storm Form               Tmut/Air       11%        N/A       99%         7


Dungeon Overview and Level Annotations

Branches:
Dungeon (11/15)            Temple (0/1) D:5            Lair (0/5) D:11
    Orc (0/2) D:9          Bailey (visited)

Altars:
Dithmenos
Elyvilon
Kikubaaqudgha
Makhleb
Ru
Sif Muna
Uskayaw
Yredelemnul

Shops:
D:3 [:   D:11 :

Annotations:
D:4 1 runed translucent door
D:11 exclusion: oklob plant


Innate Abilities, Weirdness & Mutations

You cannot wear most types of armour.
You are amphibious.
You can wear up to eight rings at the same time.
Your skin changes colour to match your surroundings (Stealth+).
Your rubbery body absorbs attacks. (AC +1, EV +1)
Your cowardice makes you less effective in combat with threatening foes.
((You are camouflaged when in or above water. (Stealth+)))
You have tentacles for arms and can constrict up to eight enemies at once.


Message History

Aiming: Petrify (dangerous; 3% risk of failure)
Press: ? - help, Shift-Dir - straight line, f - vampire mosquito
Aim: a vampire mosquito (chance to affect: 58%)
The vampire mosquito resists with significant effort.
The vampire mosquito misses you.
You block the vampire mosquito's attack.
The vampire mosquito bites you!
The vampire mosquito draws strength from your injuries!
The vampire mosquito bites you!
The vampire mosquito draws strength from your injuries!
Okay, then.
Okay, then.
Aiming: Dig
Press: ? - help, Shift-Dir - straight line, p - vampire mosquito A rock wall.
The rock shatters into small pieces.
The vampire mosquito bites you but does no damage.
The vampire mosquito barely misses you.
The vampire mosquito closely misses you.
The vampire mosquito bites you.
The vampire mosquito draws strength from your injuries!
The vampire mosquito attacks as you move away!
The vampire mosquito barely misses you. The vampire mosquito bites you!
* * * LOW HITPOINT WARNING * * *
The vampire mosquito draws strength from your injuries!
The vampire mosquito bites you!
* * * LOW HITPOINT WARNING * * *
The vampire mosquito draws strength from your injuries!
The vampire mosquito bites you.
* * * LOW HITPOINT WARNING * * *
The vampire mosquito draws strength from your injuries!
Okay, then.
The vampire mosquito barely misses you.
Okay, then.
Aiming: Paralyse
Press: ? - help, Shift-Dir - straight line, f - vampire mosquito
Aim: a vampire mosquito (chance to affect: 49%)
The vampire mosquito resists with some effort.
The vampire mosquito bites you!
You die...

.~..≈~.~..............~~.~.##
~♣~..≈~~.~............~~..##
≈~~~≈.~~~~..........~~≈~~.#
....#~~~.............~≈≈..#
.~♣~...............~~~~~~.#
~.#~~~#..≈............~~..#
~~#~.~#.≈~......y.....~~.##
#~#~.....#.#####y##...≈≈.#
######.###.# #@###..≈≈.#
#.....# #.# ###≈≈## #######
#.# ##≈# #.# #≈# #.# ### #.#
###


You could see 2 vampire mosquitoes.

Vanquished Creatures
  A boulder beetle (D:11)
  Pikel (D:6)
  An ugly thing (D:11)
  A gargoyle (D:11)
  A komodo dragon (D:10)
  A troll (D:11)
  A wraith (D:11)
  9 yaks
  A water elemental (D:11)
  2 steam dragons
  Edmund (D:6)
  An ice beast (D:6)
  A black bear (D:6)
  A sky beast (D:7)
  5 orc warriors
  An ogre (D:6)
  4 centaurs
  4 bullfrogs
  2 kobold brigands
  A necrophage (D:7)
  2 scorpions
  12 wights
  3 killer bees (D:9)
  7 electric eels (D:11)
  3 howler monkeys (D:10)
  A human zombie (D:4)
  2 hounds
  7 orc priests
  Crazy Yiuf (D:3)
  2 gnoll boudas
  6 iguanas
  Natasha (thrice) (D:3)
  8 orc wizards
  Robin (D:3)
  7 gnolls
  9 adders
  A white imp (D:5)
  A worm (D:2)
  2 dart slugs
  27 orcs
  11 endoplasms
  4 giant cockroaches
  16 goblins
  10 hobgoblins
  6 jackals
  22 kobolds
  4 quokkas
  14 ball pythons
  5 bats
  4 frilled lizards
  3 rats
244 creatures vanquished.

Vanquished Creatures (others)
  A human (D:5)
  An orc wizard (D:9)
  A plant (D:11)
3 creatures vanquished.

Grand Total: 247 creatures vanquished

Notes
Turn   | Place    | Note
-------+----------+-------------------------------------------
     0 | D:1      | billz999 the Octopode Earth Elementalist began the quest
                  | for the Orb.
     0 | D:1      | Reached XP level 1. HP: 11/11 MP: 3/3
    52 | D:1      | Reached skill level 3 in Stealth
   173 | D:1      | Reached XP level 2. HP: 12/17 MP: 0/5
   183 | D:1      | Reached skill level 4 in Stealth
   457 | D:1      | Reached XP level 3. HP: 21/21 MP: 6/6
   547 | D:1      | Reached skill level 5 in Stealth
  1459 | D:2      | Identified the +3 mace "Losir" {spect, +Blink rC++}
  1515 | D:2      | Reached skill level 6 in Stealth
  1515 | D:2      | Reached XP level 4. HP: 27/27 MP: 5/7
  1612 | D:2      | Found a faded altar of an unknown god.
  2103 | D:2      | Reached skill level 7 in Stealth
  2459 | D:3      | Noticed Natasha
  2464 | D:3      | Killed Natasha
  2465 | D:3      | Reached XP level 5. HP: 24/32 MP: 3/8
  2601 | D:3      | Found Piorgh's Vocational Training.
  2615 | D:3      | Noticed Natasha
  2621 | D:3      | Killed Natasha
  2622 | D:3      | Reached skill level 1 in Ranged Weapons
  2870 | D:3      | Noticed Natasha
  2877 | D:3      | Killed Natasha
  2878 | D:3      | Reached skill level 1 in Fighting
  3114 | D:3      | Found a sacrificial altar of Ru.
  3114 | D:3      | Found a burning altar of Makhleb.
  3118 | D:3      | Found Ciymocor's Antique Armour Boutique.
  3123 | D:3      | Became a worshipper of Ru the Awakened
  3244 | D:3      | Reached XP level 6. HP: 30/38 MP: 0/9
  3362 | D:3      | Noticed Robin
  3389 | D:3      | Killed Robin
  3525 | D:3      | Found a runed translucent door.
  3526 | D:3      | Noticed Crazy Yiuf
  3531 | D:3      | Killed Crazy Yiuf
  3865 | D:4      | Found a runed translucent door.
  3865 | D:4      | Noticed a human
  3866 | D:4      | Found a basalt altar of Yredelemnul.
  4346 | D:5      | Entered Level 5 of the Dungeon
  4359 | D:5      | Found an ancient bone altar of Kikubaaqudgha.
  4362 | D:5      | Noticed a human
  4364 | D:5      | Killed a human
  4415 | D:5      | Found a staircase to the Ecumenical Temple.
  4484 | D:5      | Reached skill level 8 in Stealth
  4518 | D:5      | Reached XP level 7. HP: 45/45 MP: 10/10
  4730 | D:5      | Gained mutation: Your cowardice makes you less effective in
                  | combat with threatening foes. [Ru sacrifice]
  4730 | D:5      | Reached * piety under Ru
  5268 | D:6      | Found a shimmering blue altar of Sif Muna.
  5453 | D:6      | Noticed Edmund
  5461 | D:6      | Killed Edmund
  5462 | D:6      | Reached skill level 5 in Ranged Weapons
  5595 | D:6      | Reached XP level 8. HP: 27/52 MP: 4/11
  5814 | D:6      | Noticed Pikel
  5820 | D:6      | Killed Pikel
  5821 | D:6      | Reached skill level 5 in Transmutations
  6132 | D:7      | Found a white marble altar of Elyvilon.
  6145 | D:7      | Reached XP level 9. HP: 57/57 MP: 10/12
  6564 | D:7      | Found a shadowy altar of Dithmenos.
  6572 | D:7      | Found a flagged portal.
  6728 | Bailey   | Entered a bailey
  6764 | Bailey   | Noticed an orc warlord
  6776 | Bailey   | Learned a level 4 spell: Petrify
  6915 | Bailey   | Found a runed translucent gate.
  6918 | Bailey   | Found a runed translucent gate.
  6920 | Bailey   | Found a runed translucent gate.
  6927 | Bailey   | Noticed an orc knight
  7821 | D:8      | Reached skill level 10 in Transmutations
  8719 | D:9      | Reached XP level 10. HP: 41/63 MP: 1/13
  8838 | D:9      | Reached skill level 9 in Stealth
  9075 | D:9      | Found a staircase to the Orcish Mines.
  9145 | D:9      | Found a hide-covered altar of Uskayaw.
  9920 | D:10     | Entered Level 10 of the Dungeon
 10910 | D:10     | Reached skill level 10 in Stealth
 10977 | D:10     | Reached skill level 5 in Fighting
 11464 | D:10     | Learned a level 2 spell: Blink
 12225 | D:11     | Reached XP level 11. HP: 72/72 MP: 14/14
 12345 | D:11     | Found Pociduih's Self-Improvement Boutique.
 12370 | D:11     | Reached skill level 11 in Stealth
 12433 | D:11     | Noticed a boulder beetle
 12446 | D:11     | Killed a boulder beetle
 12479 | D:11     | Noticed a red ugly thing
 12490 | D:11     | Killed a red ugly thing
 12579 | D:11     | Noticed an oklob plant
 12582 | D:11     | Found a staircase to the Lair.
 12779 | D:10     | HP: 2/72 [vampire mosquito (4)]
 12781 | D:10     | Mangled by a vampire mosquito

Illustrated notes

Levels and vault maps discovered:
D:1:      psy_arrival_radial02, layout_basic, minmay_split_cup_small
D:2:      layout_basic, shapermc_ecumenical_altar_mp_ritualfount,
          minmay_randomly_rotated_circles
D:3:      layout_basic, gammafunk_temple_overflow_elements, serial_shops,
          nicolae_shop_overgrown_old_shop, nicolae_shop_vocational, uniq_robin,
          uniq_natasha, uniq_crazy_yiuf_cottage
D:4:      layout_loops_ring, dk_yredelemnul_ordeal
D:5:      layout_basic, tgw_kikubaaqudgha, minmay_temple_entry_ruins,
          grunt_ministairs_15
D:6:      layout_loops_corners, lemuel_tele_altar, uniq_pikel, uniq_edmund
D:7:      layout_rooms, elyvilon_altar_3, mainiacjoe_overflow_small_starburst,
          enter_bailey_6
D:8:      layout_basic, nrook_mini_backslash
D:9:      layout_basic, mainiacjoe_overflow_surrounded_room,
          minmay_orc_entry_temple_small
D:10:     layout_big_octagon, serial_rivers, chequers_serial_rivers_small_3,
          chequers_serial_rivers_room_b, chequers_serial_rivers_marsh,
          chequers_serial_rivers_small_3, chequers_serial_rivers_small_b,
          chequers_serial_rivers_micro_d
D:11:     erik_rubicon_b, layout_stronghold, dpeg_oklobed_lair,
          nicolae_shop_self_help

Skill      XL: |  1  2  3  4  5  6  7  8  9 10 11 |
---------------+----------------------------------+-----
Stealth        | 3 4 6 7 8 10 11 | 11.4
Ranged Weapons | 2 3 5 8 9 |  9.0
Fighting       | 1 2 3 5 6 |  6.2
Transmutations | 2 6 10 | 10.6
Dodging        | |  2.0
Spellcasting   | |  2.0
Earth Magic    | |  3.0

Action                   |  1- 3 |  4- 6 |  7- 9 | 10-12 || total
-------------------------+-------+-------+-------+-------++-------
Melee: Unarmed           |     5 |       |       |       ||     5
       Constrict         |     2 |       |     4 |     7 ||    13
       Tentacles         |     1 |       |     1 |     8 ||    10
       Dagger            |       |       |    10 |    40 ||    50
 Fire: Shortbow          |    34 |    68 |       |       ||   102
       Hand crossbow     |       |    11 |   156 |   132 ||   299
 Cast: Sandblast         |    32 |    64 |    63 |    42 ||   201
       Petrify           |       |       |    15 |    28 ||    43
Invok: Sacrifice Courage |       |       |     1 |       ||     1
Evoke: Wand              |       |     3 |     6 |     9 ||    18
  Use: Scroll            |       |     1 |     8 |     9 ||    18
       Potion            |       |       |     3 |     2 ||     5
 Stab: Petrified         |       |       |     8 |    25 ||    33
       Petrifying        |       |       |     1 |     2 ||     3
       Sleeping          |       |       |       |     2 ||     2
       Paralysed         |       |       |       |     1 ||     1
Armor: Skin              |       |     4 |     4 |    23 ||    31
Dodge: Dodged            |    13 |    35 |    93 |    76 ||   217
Block: Other             |       |       |     4 |    24 ||    28

Table legend: (Time is in decaauts)
 A = Elapsed time spent in this place.
 B = Non-inter-level travel time spent in this place.
 C = Inter-level travel time spent in this place.
 D = Time resting spent in this place.
 E = Time spent auto-exploring this place.
 F = Levels seen in this place.
 G = Mean time per level.
                   A        B        C        D        E       F      G
               +--------+--------+--------+--------+--------+-----+--------+
         Total |  13116 |  12363 |    753 |   2356 |   8006 |  12 | 1093.0 |
       Dungeon |  12865 |  12112 |    753 |   2294 |   7953 |  11 | 1169.5 |
        Bailey |    251 |    251 |      0 |     62 |     53 |   1 |  251.0 |
               +--------+--------+--------+--------+--------+-----+--------+

Top non-repeatable levels by time:
     D:9: 2057 daAuts
     D:3: 1388 daAuts
     D:1: 1275 daAuts
    D:10: 1212 daAuts
    D:11: 1183 daAuts
     D:6: 1130 daAuts
     D:7: 1094 daAuts
     D:2: 1064 daAuts
     D:8: 956 daAuts
     D:5: 792 daAuts
     D:4: 710 daAuts
  Bailey: 251 daAuts
